 Dungeon Crawl Stone Soup version 0.29.1-13-g9f3cf754e1 (webtiles) character file.

Game seed: 7573479341061991910

20005 javelincjr the Summoner (level 12, -14/68 HPs)
             Began as a Tengu Summoner on Feb 9, 2023.
             Killed from afar by a gargoyle (28 damage)
             ... with a stone arrow
             ... in a volcano.
             The game lasted 01:37:16 (15711 turns).

javelincjr the Summoner (Tengu Summoner)           Turns: 15711, Time: 01:37:16

Health: -14/68     AC: 12    Str: 10    XL:     12   Next: 74%
Magic:  0/28       EV: 17    Int: 19    God:
Gold:   865        SH:  0    Dex: 15    Spells: 14/33 levels left

rFire   + . .      SeeInvis .   I - +9 lance "Wyrmbane" {slay drac, rPois rF+ rC+ AC+3}
rCold   + . .      Faith    .   (no shield)
rNeg    . . .      Spirit   +   J - +0 steam dragon scales
rPois   +          Reflect  .   (helmet restricted)
rElec   .          Harm     .   W - +0 cloak
rCorr   .          Rampage  .   g - +2 pair of gloves
Will    .....                   (boots unavailable)
Stlth   +++.......              m - amulet of guardian spirit
HPRegen 0.21/turn               p - ring of fire
MPRegen 0.21/turn               T - ring of ice

@: flying quickly and evasively, studying 2 skills, quick
A: beak, talons 3, nimble flight
a: no special abilities


You were in a volcano.
You visited 3 branches of the dungeon, and saw 11 of its levels.
You also visited: Sewer, Bailey and Volcano.

You collected 999 gold pieces.
You spent 134 gold pieces at shops.

Inventory:

Hand Weapons
 f - a +0 double sword of holy wrath
 I - the +9 lance "Wyrmbane" (weapon) {slay drac, rPois rF+ rC+ AC+3}
   (You took it off Maggie on level 9 of the Dungeon)

   It inflicts extra damage against dragons and draconians.
   AC:        It affects your AC (+3).
   rF:        It protects you from fire.
   rC:        It protects you from cold.
   rPois:     It protects you from poison.
 X - a +5 trident of protection
Missiles
 c - 9 boomerangs
 K - 29 javelins
Armour
 g - a +2 pair of gloves (worn)
 J - +0 steam dragon scales (worn)
 L - a +3 ring mail
 O - a +3 chain mail
 W - a +0 cloak (worn)
Jewellery
 m - an amulet of guardian spirit (around neck)
 p - a ring of fire (left hand)
 N - an amulet of faith
 T - a ring of ice (right hand)
 V - a ring of see invisible
Wands
 h - a wand of paralysis (22)
 H - a wand of roots (3)
 R - a wand of quicksilver (2)
 U - a wand of digging (6)
 Y - a wand of polymorph (13)
Scrolls
 e - 3 scrolls of teleportation
 j - a scroll of magic mapping
 k - 2 scrolls of enchant armour
 D - a scroll of silence {unknown}
 E - 2 scrolls of fear {unknown}
 F - a scroll of torment {unknown}
 Q - a scroll of blinking {unknown}
 S - a scroll of amnesia {unknown}
Potions
 b - a potion of magic
 l - 7 potions of curing
 n - 2 potions of resistance
 q - 2 potions of invisibility
 r - a potion of berserk rage {unknown}
 t - 2 potions of degeneration {unknown}
 u - 3 potions of might {unknown}
 v - a potion of brilliance {unknown}
 x - 3 potions of heal wounds
 z - a potion of lignification {unknown}
 A - 2 potions of haste


   Skills:
 + Level 5.5 Fighting
 - Level 0.4(3.1) Short Blades
 + Level 5.0 Long Blades
 - Level 3.5 Polearms
 + Level 6.0 Dodging
 + Level 5.6 Stealth
 + Level 11.0 Spellcasting
 + Level 3.8 Conjurations
 + Level 0.1 Hexes
 + Level 13.8 Summonings
 + Level 5.8 Air Magic
 + Level 2.2 Earth Magic
 + Level 2.1 Evocations


You had 14 spell levels left.
You knew the following spells:

 Your Spells              Type           Power      Damage    Failure   Level
a - Summon Small Mammal   Summ           100%       N/A       1%          1
b - Call Imp              Summ           58%        N/A       1%          2
c - Call Canine Familiar  Summ           58%        N/A       1%          3
d - Sandblast             Erth           38%        2d10      2%          1
e - Summon Lightning Spi  Summ/Air       47%        N/A       1%          4
f - Stone Arrow           Conj/Erth      44%        3d9       6%          3
g - Summon Guardian Gole  Hex/Summ       37%        N/A       1%          3
h - Blink                 Tloc           20%        N/A       10%         2

Your spell library contained the following spells:

 Spells                   Type           Power      Damage    Failure   Level
 Poisonous Vapours        Pois/Air       42%        N/A       3%          2
 Passwall                 Tmut/Erth      11%        N/A       6%          2
 Lesser Beckoning         Tloc           10%        N/A       21%         3
 Corpse Rot               Necr/Pois/Air  17%        N/A       30%         4
 Spellforged Servitor     Conj/Summ      22%        N/A       83%         7
 Manifold Assault         Tloc           10%        N/A       88%         5
 Orb of Destruction       Conj           12%        9d7       100%        7
 Storm Form               Tmut/Air       10%        N/A       100%        7


Dungeon Overview and Level Annotations

Branches:
Dungeon (9/15)             Temple (1/1) D:5            Lair (1/5) D:8
  Sewer (visited)          Bailey (visited)         Volcano (1/1)
    Orc: D:9-12

Altars:
Ashenzari
Cheibriados
Dithmenos
Elyvilon
Fedhas
Gozag
Hepliaklqana
Kikubaaqudgha
Makhleb
Nemelex Xobeh
Okawaru
Ru
Trog
Uskayaw
Vehumet
Wu Jian
Xom
Zin
The Shining One

Shops:
D:1 ?   D:3 ?


Innate Abilities, Weirdness & Mutations

You have a beak for a mouth.
You have claws for feet.
Your magical nature lets you fly swiftly and evasively.


Message History

The stone giant hits your wolf!!! Flame seeps out of your guardian golem.
Your guardian golem is engulfed in blazing flames.
Your guardian golem disappears in a puff of smoke!
Your guardian golem explodes!
The fiery explosion engulfs your wolf!!
Your wolf dies!
Your wolf's corpse disappears in a puff of smoke!
The fiery explosion engulfs the stone giant!!
The stone giant is engulfed in blazing flames.
Casting: Call Canine Familiar (safe; 1% risk of failure)
Confirm with . or Enter, or press ? or * to list all spells.
An electric hum fills the air.
Casting: Summon Lightning Spire (dangerous; 1% risk of failure)
Confirm with . or Enter, or press ? or * to list all spells.
A metallic apparition takes form in the air.
What are your orders? t - Shout!
Orders for allies: a - Attack new target. r - Retreat! s - Stop attacking. g - Guard the area. f - Follow me.
Anything else - Cancel.
Gang up on whom?
Press: ? - help, Dir - move target, f - gargoyle
Aim: a gargoyle, wielding a +0 mace (lava) Attack!
You are too injured to fight recklessly!
Casting: Call Imp (safe; 1% risk of failure)
Confirm with . or Enter, or press ? or * to list all spells.
Aiming: Stone Arrow (dangerous; 6% risk of failure)
Press: ? - help, Shift-Dir - straight line, f/p - gargoyle
Aim: a gargoyle, wielding a +0 mace (black smoke, lava, ally target, 86% to hit)
The stone arrow hits the gargoyle.
The gargoyle is lightly damaged.
You feel much better.
The stone giant throws a large rock.
The large rock hits you!!!
Ouch! That really hurt!
* * * LOW HITPOINT WARNING * * *
The gargoyle hurls a stone arrow at you.
The stone arrow hits you!!
You die...

##.......≈≈§≈§§≈≈≈§≈≈≈≈≈.
##.......≈≈≈≈≈≈≈≈≈≈≈§§≈≈≈§
##......≈≈§§§≈≈§≈§§≈≈≈≈≈≈≈§
##......≈≈≈§≈§§≈≈§§§§≈≈≈≈≈§≈
##.....≈≈≈≈≈≈≈≈≈≈§§§≈≈≈≈≈≈§≈§
#.....≈≈≈≈≈≈≈≈≈≈≈§§§≈≈§≈9≈≈≈≈
##.....§§≈≈≈≈≈≈≈≈≈§§≈≈§≈≈≈≈..
#......§≈§§§§≈≈≈≈≈≈≈§≈≈≈≈≈≈.
#...§..§§≈§@≈≈≈≈§§≈≈≈§≈≈≈≈..
##.#8...§≈§≈≈≈9≈§§≈§§≈≈≈...8
####.....≈§≈≈≈≈≈§§≈≈§§C§..#
##....≈≈..5.≈§§≈§§≈§..##
##.....###...≈≈§§....#
#...###∩##C.≈.≈....##
##.##....###......##
#.###.....##......#
##..###∩##.##....##


You could see a stone giant, a gargoyle (ally target) and a friendly iron imp
(summoned).

Vanquished Creatures
  A hydra (D:8)
  A gargoyle (Volcano)
  Prince Ribbit (D:9)
  2 yaks
  2 fire bats
  An acid dragon (D:9)
  2 orc warriors
  A centaur (Bailey)
  A phantom (D:5)
  A kobold brigand (D:9)
  A necrophage (D:5)
  2 scorpions
  A lava snake (Volcano)
  An orc priest (D:5)
  2 gnoll boudas
  An iguana (D:4)
  An orc wizard (D:9)
  5 adders
  16 gnolls
  2 river rats (Sewer)
  An ufetubus (D:6)
  7 orcs
  7 endoplasms
  2 giant cockroaches
  7 goblins
  3 hobgoblins
  11 kobolds
  2 quokkas
  4 ball pythons
  2 bats
  7 frilled lizards
  7 rats
105 creatures vanquished.

Vanquished Creatures (collateral kills)
  Pikel (D:6)
  Joseph (D:7)
  Maggie (D:9)
  Psyche (D:8)
  Sigmund (D:2)
  A shadow (D:5)
  9 yaks
  A fire elemental (Volcano)
  6 fire bats
  3 water moccasins
  11 orc warriors
  2 sky beasts (D:6)
  A black bear (D:8)
  4 ogres
  12 centaurs
  2 kobold brigands
  3 bullfrogs (D:8)
  6 gnoll sergeants
  A scorpion (D:7)
  A necrophage (D:6)
  An earth elemental (Volcano)
  6 wights (D:7)
  5 killer bees (D:8)
  A howler monkey (D:8)
  4 lava snakes (Volcano)
  5 hounds (D:5)
  2 jellies
  A gnoll bouda (D:6)
  5 orc priests
  4 iguanas (D:5)
  7 orc wizards
  24 gnolls
  8 adders
  A white imp (D:7)
  2 worms
  A dart slug (D:5)
  39 orcs
  4 ball pythons
  4 bats
  3 endoplasms
  A giant cockroach (D:1)
  10 goblins
  9 kobolds
  11 frilled lizards
  2 rats
228 creatures vanquished.

Vanquished Creatures (others)
  29 fungi (D:8)
  24 plants
53 creatures vanquished.

Grand Total: 386 creatures vanquished

Notes
Turn   | Place    | Note
-------+----------+-------------------------------------------
     0 | D:1      | javelincjr the Tengu Summoner began the quest for the Orb.
     0 | D:1      | Reached XP level 1. HP: 10/10 MP: 4/4
    27 | D:1      | Reached skill level 5 in Summonings
    94 | D:1      | Reached XP level 2. HP: 5/15 MP: 4/6
   442 | D:1      | Learned a level 2 spell: Call Imp
   861 | D:1      | Found Uciaf's Magic Scroll Shop.
   870 | D:1      | Bought a scroll of identify for 20 gold pieces
   870 | D:1      | Bought a scroll of noise for 10 gold pieces
   926 | D:1      | Found a faded altar of an unknown god.
  1243 | D:1      | Reached XP level 3. HP: 19/19 MP: 4/7
  2340 | D:2      | Noticed Sigmund
  2367 | D:1      | Learned a level 3 spell: Call Canine Familiar
  2566 | D:2      | Reached XP level 4. HP: 24/24 MP: 2/8
  2980 | D:2      | Killed Sigmund
  2981 | D:2      | Reached skill level 6 in Summonings
  2981 | D:2      | Gained mutation: Your magical nature lets you fly swiftly
                  | and evasively. [Tengu growth]
  2981 | D:2      | Reached XP level 5. HP: 28/28 MP: 2/11
  3169 | D:3      | Reached XP level 6. HP: 28/32 MP: 12/12
  3216 | D:3      | Learned a level 1 spell: Sandblast
  3227 | D:3      | Found a radiant altar of Vehumet.
  3775 | D:3      | Found Wuadin's Magic Scroll Shop.
  3802 | D:3      | Bought a scroll of enchant armour for 82 gold pieces
  3802 | D:3      | Bought a scroll of identify for 22 gold pieces
  3803 | D:3      | Identified a scroll of acquirement
  3804 | D:3      | Acquired a +0 double sword of holy wrath
  4210 | D:4      | Reached skill level 7 in Summonings
  4785 | D:4      | Found a broken altar of Ashenzari.
  4956 | D:4      | Found a glowing drain.
  4963 | D:4      | Reached skill level 1 in Long Blades
  5004 | Sewer    | Entered a sewer
  5015 | Sewer    | Reached XP level 7. HP: 33/37 MP: 12/14
  6076 | D:5      | Entered Level 5 of the Dungeon
  6194 | D:5      | Reached skill level 1 in Fighting
  6348 | D:5      | Found Hishroji's Mass Market.
  6691 | D:5      | Found a staircase to the Ecumenical Temple.
  6763 | D:5      | Reached skill level 8 in Summonings
  6763 | D:5      | Reached XP level 8. HP: 24/43 MP: 5/16
  6763 | Temple   | Entered the Ecumenical Temple
  7165 | D:5      | Reached skill level 5 in Spellcasting
  7359 | D:5      | Found a large runed translucent door.
  7376 | D:5      | Noticed a shadow
  7377 | D:5      | Found an opulent altar of Gozag.
  7378 | D:5      | Noticed a yak
  7384 | D:5      | Found a transporter.
  7391 | D:5      | Found a transporter.
  7460 | D:5      | Found a large runed translucent door.
  8037 | D:5      | Found a hide-covered altar of Uskayaw.
  8047 | D:5      | Found a hazy altar of Hepliaklqana.
  8465 | D:6      | Noticed Pikel
  8507 | D:6      | Killed Pikel
  8508 | D:6      | Reached skill level 9 in Summonings
  8508 | D:6      | Reached XP level 9. HP: 22/48 MP: 3/20
  9167 | D:6      | Found a bloodstained altar of Trog.
  9507 | D:7      | Learned a level 4 spell: Summon Lightning Spire
  9803 | D:7      | Noticed Joseph
  9819 | D:7      | Killed Joseph
  9820 | D:7      | Reached skill level 10 in Summonings
  9820 | D:7      | Reached skill level 1 in Earth Magic
  9891 | D:7      | Reached skill level 1 in Air Magic
 10148 | D:7      | Found a sparkling altar of Nemelex Xobeh.
 10148 | D:7      | You are sucked into a shaft and drop 1 floor!
 10218 | D:8      | Reached XP level 10. HP: 50/54 MP: 13/23
 10398 | D:8      | Reached skill level 5 in Long Blades
 10542 | D:8      | Noticed Psyche
 10579 | D:8      | Paralysed by something for 4 turns
 10587 | D:8      | Killed Psyche
 10588 | D:8      | Reached skill level 11 in Summonings
 10793 | D:8      | Learned a level 3 spell: Stone Arrow
 10898 | D:9      | Noticed Maggie
 10913 | D:9      | Killed Maggie
 10945 | D:9      | Found a flagged portal.
 10951 | Bailey   | Entered a bailey
 11642 | Bailey   | Reached skill level 1 in Conjurations
 12123 | Bailey   | Reached skill level 12 in Summonings
 12380 | D:9      | Noticed Prince Ribbit
 12382 | D:9      | Reached XP level 11. HP: 60/60 MP: 18/25
 12392 | D:9      | Killed Prince Ribbit
 12970 | D:9      | Found an ancient bone altar of Kikubaaqudgha.
 13373 | D:8      | Found a staircase to the Lair.
 13413 | D:8      | Reached skill level 10 in Spellcasting
 13610 | D:8      | Noticed a four-headed hydra
 13619 | D:8      | Killed a four-headed hydra
 14712 | D:5      | Reached skill level 13 in Summonings
 14835 | Temple   | Learned a level 3 spell: Summon Guardian Golem
 14838 | Temple   | Learned a level 2 spell: Blink
 14843 | Temple   | Reached skill level 5 in Fighting
 14843 | Temple   | Reached skill level 5 in Dodging
 14843 | Temple   | Reached skill level 5 in Stealth
 14843 | Temple   | Reached skill level 5 in Air Magic
 14843 | Temple   | Reached XP level 12. HP: 68/68 MP: 27/27
 14997 | Lair:1   | Entered Level 1 of the Lair of Beasts
 15162 | Lair:1   | Found a dark tunnel.
 15230 | Volcano  | Entered a volcano
 15499 | Volcano  | Noticed a stone giant
 15657 | Volcano  | Found a burning altar of Makhleb.
 15711 | Volcano  | Killed from afar by a gargoyle

Illustrated notes

Levels and vault maps discovered:
D:1:      eino_arrival_druids_welcome, layout_basic, serial_shops, shop,
          hellmonk_ecumenical_altar_zigzags, minmay_lizard_king
D:2:      layout_loops_cross, uniq_sigmund
D:3:      layout_basic, mainiacjoe_overflow_24_doors, serial_shops,
          shop_scrolls, amcnicky_mini_rare_corridor_liquid
D:4:      layout_basic, amcnicky_altar_gilded, portal_sewer_entry_d,
          kennysheep_generic_room_14
D:5:      layout_loops_ring, gammafunk_temple_overflow_arena,
          jmf_multi_god_temple2, minmay_temple_entry_statues_pillars,
          minmay_shop_mass, minmay_manual_mail
D:6:      layout_rooms, lemuel_coloured_pillars_altar, columned_hall_lemuel,
          uniq_pikel
D:7:      layout_basic, lemuel_doored_altar, minmay_stone_trees_medium,
          kennysheep_generic_room_9, uniq_joseph
D:8:      layout_loops_ring, grunt_lair_entry_orc_guard_hut, uniq_psyche
D:9:      layout_loops_ring, lemuel_crystal_altar, enter_bailey_3, uniq_maggie,
          uniq_prince_ribbit1
Temple:   minmay_temple_curvy_loop
Lair:1:   layout_roguey, nicolae_volcano_entry_batcave, grunt_megastairs_4,
          uniq_urug
Volcano:  volcano_grotto [vgs_many_chambers]

Skill      XL: |  1  2  3  4  5  6  7  8  9 10 11 12 |
---------------+-------------------------------------+-----
Summonings     | 5 6 7 8 9 10 12 13 | 13.8
Spellcasting   | 3 4 7 8 9 10 11 | 11.0
Stealth        | 3 4 5 |  5.6
Long Blades    | 1 2 4 5 |  5.0
Fighting       | 1 2 3 5 |  5.5
Dodging        | 3 4 5 6 |  6.0
Earth Magic    | 1 2 |  2.2
Air Magic      | 1 3 5 |  5.8
Conjurations   | 1 3 |  3.8
Polearms       | 3 |  3.5
Evocations     | 2 |  2.1
Short Blades   | |  0.4
Hexes          | |  0.1

Action                   |  1- 3 |  4- 6 |  7- 9 | 10-12 || total
-------------------------+-------+-------+-------+-------++-------
Melee: Dagger            |    41 |       |       |       ||    41
       Kick              |     9 |    10 |    20 |    24 ||    63
       Peck              |     1 |     7 |    14 |    14 ||    36
       Halberd           |       |    11 |       |       ||    11
       Double sword      |       |    37 |    93 |    15 ||   145
       Punch             |       |     1 |       |     2 ||     3
       Lance             |       |       |       |   119 ||   119
 Cast: Summon Small Mamm |    39 |     5 |    17 |       ||    61
       Call Imp          |     8 |     9 |    36 |    33 ||    86
       Call Canine Famil |     1 |    12 |    35 |    38 ||    86
       Sandblast         |       |     6 |     5 |     2 ||    13
       Summon Lightning  |       |       |     6 |    57 ||    63
       Stone Arrow       |       |       |       |    19 ||    19
       Summon Guardian G |       |       |       |     6 ||     6
  Use: Scroll            |     1 |     4 |     5 |     3 ||    13
       Potion            |       |     4 |       |     3 ||     7
 Stab: Sleeping          |     4 |     2 |     7 |     2 ||    15
       Distracted        |       |       |       |     2 ||     2
Armor: Robe              |    16 |     8 |    20 |     3 ||    47
       Steam dragon scal |       |       |       |    41 ||    41
Dodge: Dodged            |    25 |    34 |    97 |   122 ||   278
